 Dungeon Crawl Stone Soup version 0.26.0-10-g1f06aea511 (webtiles) character file.

Game seed: 15566326806495756141

3 Goblin1989 the Sneak (level 1, -1/18 HPs)
             Began as a Demonspawn Delver on Jan 23, 2021.
             Was a Follower of Uskayaw.
             Slain by a centaur zombie (4 damage)
             ... on level 4 of the Dungeon.
             The game lasted 00:02:00 (406 turns).

Goblin1989 the Sneak (Demonspawn Delver)             Turns: 406, Time: 00:02:01

Health: -1/18      AC:  3    Str: 12    XL:     1   Next: 41%
Magic:  1/1        EV: 12    Int: 11    God:    Uskayaw [*.....]
Gold:   0          SH:  0    Dex: 14    Spells: 0/0 levels left

rFire    . . .     SeeInvis .   a - +0 mace
rCold    . . .     Faith    .   (no shield)
rNeg     . . .     Spirit   .   b - +0 leather armour
rPois    .         Reflect  .   (no helmet)
rElec    .         Harm     .   (no cloak)
rCorr    .         Rampage  .   (no gloves)
Will     .....                  (no boots)
Stlth    ++........             (no amulet)
HPRegen  0.06/turn              (no ring)
MPRegen  0.07/turn              (no ring)

@: no status effects
A: no striking features
a: Renounce Religion, Stomp


You were on level 4 of the Dungeon.
You worshipped Uskayaw.
Uskayaw was noncommittal.
You visited 2 branches of the dungeon, and saw 3 of its levels.

Inventory:

Hand Weapons
 a - a +0 mace (weapon)
Armour
 b - a +0 leather armour (worn)
Wands
 g - a wand of digging (3) {@v1}
Scrolls
 c - a scroll of fog
 e - a scroll of fear
 M - a scroll of magic mapping
Potions
 f - a potion of haste {@q3,}


   Skills:
 + Level 3.2 Fighting
 - Level 1.7 Maces & Flails
 - Level 1.7 Dodging
 - Level 4.5 Stealth


You couldn't memorise any spells.
You didn't know any spells.
Your spell library contained the following spells:

 Spells                   Type           Power        Failure   Level
 Magic Dart               Conj           0%           41%         1
 Searing Ray              Conj           0%           56%         2
 Dazzling Flash           Conj/Hex       0%           80%         3
 Fulminant Prism          Conj/Hex       0%           99%         4
 Iskenderun's Mystic Bla  Conj/Tloc      0%           99%         4


Dungeon Overview and Level Annotations

Branches:
Dungeon (5/15)             Temple (1/1) D:5

Altars:
Cheibriados
Dithmenos
Gozag
Kikubaaqudgha
Makhleb
Nemelex Xobeh
Qazlal
Ru
Sif Muna
Uskayaw
Vehumet
Xom
Yredelemnul
Zin
The Shining One


Message History

There is an open door here.
There is an open door here.
Found a stormy altar of Qazlal.
You open the door.
Found a burning altar of Makhleb.
There is an open door here.
There is an open door here.
You open the door.
Found an opulent altar of Gozag.
There is an open door here.
There is an opulent altar of Gozag here.
There is an opulent altar of Gozag here.
There is an open door here.
You open the door.
Found a shadowy altar of Dithmenos and an ancient bone altar of Kikubaaqudgha.
There is an open door here.
There is an open door here.
You open the door.
Found a glowing silver altar of Zin.
There is an open door here.
There is an open door here.
You open the door.
Found a shimmering altar of Xom.
There is an open door here.
There is an open door here.
You open the door.
Found a snail-covered altar of Cheibriados and a hide-covered altar of Uskayaw.
There is an open door here.
There is an open door here.
You open the door.
Found three altars.
There is an open door here.
Done exploring.
Done exploring.
Done exploring.
Done exploring.
There is an open door here.
There is an open door here.
There is a hide-covered altar of Uskayaw here.
You kneel at the altar of Uskayaw.
Uskayaw welcomes you!
There is an open door here.
There is an open door here.
There is a staircase back to the Dungeon here.
You climb upwards.
There is a staircase to the Ecumenical Temple here.
There is an open door here.
Search for what [? for help]? dag Can't find anything matching that.
Unknown command.
An orc priest comes into view. It is wielding a +0 trident.
There is a stone staircase leading down here.
Found a leather armour.
You see here a leather armour.
A phantom comes into view.
Found a leatherbound book and 19 bolts.
Found a stone staircase leading down.
An adder skeleton comes into view.
Found a stone staircase leading up.
The helpless adder skeleton fails to defend itself.
You sock the adder skeleton!
The adder skeleton is severely damaged.
The adder skeleton completely misses you.
The adder skeleton barely misses you.
You hit the adder skeleton but do no damage.
The adder skeleton is severely damaged.
The adder skeleton closely misses you.
You sock the adder skeleton!
You destroy the adder skeleton!
You pick up a book of Conjurations and begin reading...
You add the spells Magic Dart, Searing Ray, Dazzling Flash, Fulminant Prism and Iskenderun's Mystic Blast to your library.
There is a stone staircase leading up here.
Unknown command.
You climb upwards.
A white imp comes into view.
The white imp shouts, "Leave, thou baffled toot-wallowing flax-wench!"
There is a stone staircase leading down here.
You start waiting.
A white imp is nearby!
The white imp hits you but does no damage.
You hit the white imp but do no damage. The white imp closely misses you.
A centaur zombie comes into view.
The white imp gestures at you. The puff of frost hits you!
You take 8 damage, and have 10/18 hp.
MASSIVE DAMAGE!!
You barely miss the white imp. The white imp barely misses you.
You hit the white imp.
The white imp is moderately wounded.
The white imp gestures at you. The puff of frost hits you!
* * * LOW HITPOINT WARNING * * *
You can now stomp with the beat.
You take 7 damage, and have 3/18 hp.
MASSIVE DAMAGE!!
You hit the white imp but do no damage.
The white imp is moderately wounded.
The white imp hits you but does no damage.
The white imp closely misses you.
You barely miss the white imp.
The white imp is moderately wounded.
The white imp barely misses you. The centaur zombie hits you.
You die...

... ..█. ███
...██████..██
█..........█
█..........█
█......>...█
█......█..██
█..███5███5..█


█@██ ..██ █Z.█ ██ █..........█ ██.█..██..██ ......█ ██ █...█...█ .........
....██... .. █... You could see a white imp and a centaur zombie.

Vanquished Creatures
  An adder skeleton (D:5)
1 creature vanquished.

Notes
Turn   | Place    | Note
-------+----------+-------------------------------------------
     0 | D:5      | Goblin1989 the Demonspawn Delver began the quest for the
                  | Orb.
     0 | D:5      | Reached XP level 1. HP: 18/18 MP: 1/1
    66 | D:5      | Found a staircase to the Ecumenical Temple.
    71 | Temple   | Entered the Ecumenical Temple
   270 | Temple   | Became a worshipper of Uskayaw the Reveller
   325 | D:5      | Noticed an orc priest
   350 | D:5      | Noticed a phantom
   404 | D:4      | Reached * piety under Uskayaw
   406 | D:4      | Slain by a centaur zombie

Illustrated notes

Levels and vault maps discovered:
D:4:      layout_cave_pools
D:5:      layout_loops_ring, temple_doors_ab
Temple:   regret_index_temple_generic_petals

Action                   || total
-------------------------++-------
Melee: Mace              ||     8
 Stab: Sleeping          ||     1
Armor: Leather armour    ||     2
Dodge: Dodged            ||     7
